 Dungeon Crawl Stone Soup version 0.30-a0-802-gb92711bcdf (console) character file.

Game seed: 16522994944646207826

39 petzl the Sneak (level 3, -1/29 HPs)
             Began as a Formicid Delver on Feb 24, 2023.
             Slain by an orc wizard
             ... wielding a +0 dagger
              (4 damage)
             ... on level 6 of the Dungeon.
             The game lasted 00:03:06 (372 turns).

petzl the Sneak (Formicid Delver)                    Turns: 372, Time: 00:03:07

Health: -1/29      AC:  4    Str: 16    XL:     3   Next: 70%
Magic:  5/5        EV: 12    Int: 11    God:
Gold:   0          SH:  0    Dex: 15    Spells: 5/5 levels left

rFire   . . .      SeeInvis +    a - +0 mace
rCold   . . .      Faith    .    (no shield)
rNeg    . . .      Spirit   .    b - +0 leather armour
rPois   .          Reflect  .    (helmet unavailable)
rElec   .          Harm     .    (no cloak)
rCorr   .          Rampage  .    j - +0 pair of gloves
Will    .....                    (no boots)
Stlth   +++                      (no amulet)
HPRegen 0.24/turn                (no ring)
MPRegen 0.09/turn                (no ring)

@: no status effects
A: permanent stasis, dig shafts and tunnels, antennae 3, four strong arms
a: Dig, Shaft Self


You were on level 6 of the Dungeon.
You visited 1 branch of the dungeon, and saw 3 of its levels.

Inventory:

Hand Weapons
 a - a +0 mace (weapon)
Armour
 b - a +0 leather armour (worn)
 j - a +0 pair of gloves (worn)
Wands
 f - a wand of digging (3)
Scrolls
 c - a scroll of fog
 d - a scroll of magic mapping
 e - a scroll of fear
 g - a scroll of enchant weapon {unknown}
 h - a scroll of blinking {unknown}
 i - a scroll of identify {unknown}


   Skills:
 - Level 3.4 Fighting
 - Level 2.1 Maces & Flails
 - Level 1.9 Dodging
 + Level 6.6 Stealth
 + Level 1.5 Spellcasting


You had 5 spell levels left.
You didn't know any spells.
Your spell library was empty.

Dungeon Overview and Level Annotations

Branches:
Dungeon (6/15)
 Temple: D:4-7

Altars:

Shops:
D:5 [

Annotations:
D:4 exclusion: downstairs, Robin
D:6 exclusion: sensed monster (detected)


Innate Abilities, Weirdness & Mutations

You cannot be hasted, slowed, berserked, paralysed or teleported.
You can dig through walls and to a lower floor.
You have a pair of large antennae on your head. (SInv)
Your four strong arms can wield two-handed weapons with a shield.


Message History

The orc is heavily wounded.
The orc barely misses you.
You hit the orc.
You kill the orc!
The orc wizard gestures at you while chanting.
The puff of flame hits you!
You hit the orc wizard.
The orc wizard is heavily wounded.
The orc wizard points at you and mumbles some strange words.
You are confused.
You bump into the rock wall.
The orc wizard hits you with a +0 dagger.
Okay, then.
Unknown command.
Unknown command.
Unknown command.
You closely miss the orc wizard.
The orc wizard is heavily wounded.
The orc wizard hits you but does no damage.
You miss the orc wizard.
The orc wizard is moderately wounded.
The orc wizard hits you but does no damage.
The orc wizard hits you with a +0 dagger.
You're too confused to move!
The orc wizard hits you but does no damage.
You bump into the rock wall.
The orc wizard casts a spell at you. The puff of flame hits you!
* * * LOW HITPOINT WARNING * * *
You are too confused!
Unknown command.
Unknown command.
Unknown command.
You bump into the rock wall.
The orc wizard hits you with a +0 dagger.
* * * LOW HITPOINT WARNING * * *
You feel less confused.
Are you sure you want to shaft yourself?
The orc wizard hits you with a +0 dagger.
You die...

#....# #....#
#######....#
...........+
...........#
...........#
...........#
########....#
#......#....#
#......#....#
######.....#....# {
#...##.....#....#####
#..........'.........#
#.......)..#.........#
##...##'#####...........
#....#..................
#....'..................
######...)...####.......
#.......@o...# .......
#.....#######...#.....
#..... . # #..... ..[...
...... ..(.


You could see an orc wizard.

Vanquished Creatures
  An orc wizard (D:5)
  2 orcs (D:6)
  3 goblins (D:4)
  4 hobgoblins (D:4)
  A kobold (D:4)
11 creatures vanquished.

Notes
Turn   | Place    | Note
-------+----------+-------------------------------------------
     0 | D:5      | petzl the Formicid Delver began the quest for the Orb.
     0 | D:5      | Reached XP level 1. HP: 18/18 MP: 1/1
     2 | D:5      | Noticed an iguana
    45 | D:4      | Reached XP level 2. HP: 20/24 MP: 2/2
   114 | D:4      | Noticed Robin
   172 | D:4      | You fall into a shaft and drop 1 floor!
   195 | D:5      | Noticed a scorpion
   221 | D:5      | Reached skill level 1 in Spellcasting
   221 | D:5      | Reached XP level 3. HP: 3/29 MP: 2/5
   223 | D:5      | You fall into a shaft and drop 1 floor!
   372 | D:6      | Slain by an orc wizard

Illustrated notes

Levels and vault maps discovered:
D:4:      layout_cave_pools, serial_column_ruins, column_ruins_square_small,
          column_ruins_hut, column_ruins_open_small_water,
          column_ruins_columns_corner, column_ruins_open_medium,
          column_ruins_open_large, column_ruins_open_medium, uniq_robin
D:5:      minmay_chambers_of_fours, layout_cave_pools, serial_shops, shop,
          nicolae_square_shop, nicolae_stop_n_shop_2
D:6:      layout_gridville, uniq_grinder

Skill      XL: |  1  2 |
---------------+-------+-----
Spellcasting   | 1 |  1.5
Fighting       | |  3.4
Maces & Flails | |  2.1
Dodging        | |  1.9
Stealth        | |  6.6

Action                     || total
---------------------------++-------
  Melee: Mace              ||    44
Ability: Dig               ||     3
         Shaft Self        ||     3
 Armour: Leather armour    ||    18
  Dodge: Dodged            ||    26

Table legend: (Time is in decaauts)
 A = Elapsed time spent in this place.
 B = Non-inter-level travel time spent in this place.
 C = Inter-level travel time spent in this place.
 D = Time resting spent in this place.
 E = Time spent auto-exploring this place.
 F = Levels seen in this place.
 G = Mean time per level.
                   A        B        C        D        E       F      G
               +--------+--------+--------+--------+--------+-----+--------+
         Total |    384 |    384 |      0 |    140 |      4 |   3 |  128.0 |
       Dungeon |    384 |    384 |      0 |    140 |      4 |   3 |  128.0 |
               +--------+--------+--------+--------+--------+-----+--------+

Top non-repeatable levels by time:
     D:4: 175 daAuts
     D:6: 150 daAuts
     D:5: 57 daAuts
